 Dungeon Crawl Stone Soup version 0.28.0-53-g5a82cb258f (webtiles) character file.

Game seed: 7086090709218607385

168 LynnLen the Sneak (level 5, 0/28 HPs)
             Began as a Vampire Enchanter on Aug 17, 2022.
             Killed by divine providence
             ... invoked by an orc priest
              (17 damage)
             ... on level 3 of the Dungeon.
             The game lasted 00:06:46 (2460 turns).

LynnLen the Sneak (Vampire Enchanter)               Turns: 2460, Time: 00:06:47

Health: 0/28       AC:  3    Str:  7    XL:     5   Next: 23%
Magic:  1/8        EV: 12    Int: 17    God:
Gold:   149        SH:  4    Dex: 17    Spells: 3/8 levels left

rFire   . . .      SeeInvis +   c - +2 dagger (venom)
rCold   + + .      Faith    .   f - +0 buckler
rNeg    + + +      Spirit   .   b - +0 robe
rPois   ∞          Reflect  .   (no helmet)
rElec   .          Harm     .   (no cloak)
rCorr   .          Rampage  .   j - +0 pair of gloves
Will    +....                   (no boots)
Stlth   ++++++....              (no amulet)
HPRegen 0.00/turn               k - ring of willpower
MPRegen 0.11/turn               (no ring)

@: bloodless, inhibited regen
A: bloodless, fangs 3, see invisible, vampiric 2
a: Bat Form, Revivify


You were on level 3 of the Dungeon.
You visited 1 branch of the dungeon, and saw 3 of its levels.

You collected 149 gold pieces.

Inventory:

Hand Weapons
 a - a +1 dagger
 c - a +2 dagger of venom (weapon)
 e - a +0 hunting sling
Missiles
 d - 87 stones
Armour
 b - a +0 robe (worn)
 f - a +0 buckler (worn)
 j - a +0 pair of gloves (worn)
Jewellery
 k - a ring of willpower (left hand)
Potions
 g - a potion of haste {unknown}
 h - a potion of curing {unknown}
 l - a potion of flight {unknown}
 m - a potion of ambrosia {unknown}
 n - a potion of heal wounds {unknown}


   Skills:
 + Level 4.0 Short Blades
 - Level 2.1 Dodging
 + Level 7.2 Stealth
 - Level 2.0 Spellcasting
 - Level 4.4 Hexes


You had 3 spell levels left.
You knew the following spells:

 Your Spells              Type           Power      Damage    Failure   Level
a - Ensorcelled Hibernat  Hex/Ice        18%        N/A       16%         2
b - Confusing Touch       Hex            16%        N/A       13%         3

Your spell library contained the following spells:

 Spells                   Type           Power      Damage    Failure   Level
 Tukima's Dance           Hex            16%        N/A       13%         3
 Dazzling Flash           Conj/Hex       18%        N/A       32%         3


Dungeon Overview and Level Annotations

Branches:
Dungeon (3/15)

Altars:
Trog

Shops:
D:1 :


Innate Abilities, Weirdness & Mutations

You do not regenerate when monsters are visible.
You are frail without blood (-20% HP).
You can heal yourself when you bite living creatures.
You are immune to poison.
You have razor-sharp teeth.
You have supernaturally acute eyesight. (SInv)
You are afflicted with vampirism and can become a bat while bloodless.


Message History

Your Stealth skill increases to level 7!
You have reached level 5!
You feel agile.
The orc throws a stone.
The stone barely misses you.
Aiming: Ensorcelled Hibernation (safe; 16% risk of failure)
Press: ? - help, Q - select action, (/) - cycle Shift-Dir - straight line, f - orc wizard
Aim: an orc wizard, wielding a +0 dagger and wearing a +0 robe (chance to affect: 43%)
The orc wizard resists with some effort.
The orc wizard barely misses you.
You completely miss the orc wizard. The orc wizard closely misses you.
You closely miss the orc wizard.
The orc wizard hits you with a +0 dagger.
You barely miss the orc wizard. Your bite misses the orc wizard.
The orc wizard hits you with a +0 dagger.
You barely miss the orc wizard. You closely miss the orc. You bite the orc.
You draw the orc's blood!
You feel better.
The orc is heavily wounded.
You hit the orc. You bite the orc.
You kill the orc!
Aiming: Ensorcelled Hibernation (safe; 16% risk of failure)
Press: ? - help, Q - select action, (/) - cycle Shift-Dir - straight line, f/p - orc wizard
Aim: an orc wizard, wielding a +0 dagger and wearing a +0 robe (chance to affect: 43%)
The orc wizard looks drowsy...
Things that are here:
a +0 falchion; 20 stones The helpless orc wizard fails to defend itself.
You bite the orc wizard, and draw its blood!
You feel better.
You perforate the orc wizard like a sieve!!!
You kill the orc wizard!
The orc priest calls down the wrath of Beogh upon you.
Beogh smites you!
Your Short Blades skill increases to level 4!
You don't have enough magic to cast this spell.
You don't have enough magic to cast this spell.
The orc priest calls down the wrath of Beogh upon you.
Beogh smites you!
Ouch! That really hurt!
You die...

......###<##.#...##.#
##.##..# #.#........#.
#...#..# # #..........##
.##...#..#.#
#..........#. .........#.
#..#.#....... ..........
#..)..#.###.# ......)..#
##.#..### #.#
#....).######.#..# #.#
#[o@).....#..# #.#
#..######## #..##...###..
#..##....... #..##...# .#
#.))>...##....
######........
#.###.#.#######
..#########.###.#.##.....


You could see an orc priest.

Vanquished Creatures
  An orc priest (D:3)
  Terence (D:2)
  An orc wizard (D:3)
  3 adders
  4 worms
  2 dart slugs
  5 orcs (D:3)
  A ball python (D:2)
  6 bats
  3 endoplasms (D:1)
  A giant cockroach (D:1)
  3 goblins (D:2)
  2 hobgoblins
  6 kobolds
  2 quokkas
  A frilled lizard (D:1)
  2 rats (D:2)
44 creatures vanquished.

Notes
Turn   | Place    | Note
-------+----------+-------------------------------------------
     0 | D:1      | LynnLen the Vampire Enchanter began the quest for the Orb.
     0 | D:1      | Reached XP level 1. HP: 13/13 MP: 3/3
    63 | D:1      | Found Zeytag's Book Emporium.
    94 | D:1      | Found a faded altar of an unknown god.
   408 | D:1      | Reached XP level 2. HP: 19/19 MP: 5/5
   488 | D:1      | Reached skill level 5 in Stealth
  1343 | D:2      | Found a bloodstained altar of Trog.
  1552 | D:2      | Learned a level 2 spell: Ensorcelled Hibernation
  1740 | D:2      | Gained mutation: You are afflicted with vampirism and can
                  | become a bat while bloodless. [Vampire growth]
  1740 | D:2      | Reached XP level 3. HP: 24/24 MP: 6/6
  1744 | D:2      | Learned a level 3 spell: Confusing Touch
  1810 | D:2      | Noticed Terence
  1828 | D:2      | Killed Terence
  1829 | D:2      | Reached skill level 6 in Stealth
  1829 | D:2      | Reached XP level 4. HP: 23/30 MP: 4/7
  2441 | D:3      | Identified a scroll of acquirement
  2441 | D:3      | Acquired the +0 helmet of Patterns {rPois rF+ Int+4}
  2444 | D:3      | Reached skill level 7 in Stealth
  2444 | D:3      | Reached XP level 5. HP: 19/28 MP: 4/8
  2460 | D:3      | Killed from afar by an orc priest

Illustrated notes

Levels and vault maps discovered:
D:1:      dpeg_arrival_rhombi, layout_basic, ebering_ecumenical_altar_rust,
          serial_co_window_serial, co_window_paths_a, co_window_paths_b,
          co_window_paths_a, co_window_paths_a, co_window_paths_a,
          co_window_paths_a, co_window_paths_a, co_window_2corner,
          co_window_broadway_a, co_window_corner_b, co_window_broadway_a,
          co_window_unsneaky_path_c, co_window_2corner, glass_columns_b,
          glass_columns_a, glass_columns_a, serial_shops, shop,
          hangedman_decor_push, st_stairs_2, minmay_misc_feat_pillars,
          minmay_hexomino_f4
D:2:      layout_loops_ring, basic_altar, uniq_terence
D:3:      layout_loops_ring, gammafunk_ghost_mausoleum

Skill      XL: |  1  2  3  4  5 |
---------------+----------------+-----
Stealth        | 5 6 7 |  7.2
Short Blades   | 2 3 4 |  4.0
Dodging        | |  2.1
Spellcasting   | |  2.0
Hexes          | |  4.4

Action                   |  1- 3 |  4- 6 || total
-------------------------+-------+-------++-------
Melee: Dagger            |    89 |    53 ||   142
       Bite              |     7 |     7 ||    14
 Cast: Ensorcelled Hiber |     7 |     8 ||    15
 Abil: Exsanguinate      |       |     1 ||     1
  Use: Potion            |     1 |       ||     1
       Scroll            |       |     3 ||     3
 Stab: Sleeping          |    12 |     8 ||    20
       Invisible         |       |     1 ||     1
Armor: Robe              |    11 |     5 ||    16
Dodge: Dodged            |    37 |    23 ||    60
Block: Buckler           |     3 |     3 ||     6
